cohdb
Replays
Latest Replays
All Replays
Popular Replays
Top Player Replays
Match Explorer
How It Works
Community
CoH3 Stats
Reddit
Sign in to upload your games and track your stats! →
Sign in with Steam
Match 40442218
Unlisted
Match 40442218
Overview
Messages
Build Orders
End
Royal Engineer Section
Construct Section Command Post
Selects Indian Artillery Battlegroup
Dingo Light Scout Car
Infantry Section
Infantry Section
Infantry Section
Selects Towed ML 4.2-inch Heavy Mortar
Infantry Section
Selects War Cry
Towed ML 4.2-inch Heavy Mortar
Grenade Package
Construct Platoon Command Post
Selects Gurkha Rifles Section
Humber Armored Car
6-pounder Anti-tank Gun Team
Selects Off-map Airburst Barrage
Gurkha Rifles Section
Blurble
PayPerPaper
0
0
Comments
sign in to comment!
No comments posted yet!